 Dungeon Sprint DCSS version 0.22-a0-93-g6b88ebb (webtiles) character file.

1100000 Rottenbandages the Imperceptible (level 16, -64/145 HPs)
             Began as a Formicid Warper on Jan 24, 2018.
             Was a Believer of Makhleb.
             Annihilated by a meat berserker
             ... wielding a +9 battleaxe
              (68 damage)
             ... in the Dungeon (Sprint VIII: "Arena of Blood").
             The game lasted 00:00:17 (11 turns).

Rottenbandages the Imperceptible (Formicid Warper)    Turns: 11, Time: 00:00:18

Health: -64/145    AC:  5    Str: 18    XL:     16   Next: 55%
Magic:  4/37       EV: 23    Int: 13    God:    Makhleb [**....]
Gold:   0          SH:  0    Dex: 15    Spells: 50/50 levels left

rFire    . . .     SeeInvis +   l - +∞ Axe of Woe
rCold    . . .     Gourm    .   (no shield)
rNeg     . . .     Faith    .   b - +0 leather armour
rPois    .         Spirit   .   (helmet unavailable)
rElec    .         Reflect  .   (no cloak)
rCorr    .         Harm     .   (no gloves)
MR       +....                  (no boots)
Stlth    ++++++++..             (no amulet)
HPRegen  0.34/turn              (no ring)
MPRegen  0.25/turn              (no ring)

@: no status effects
A: permanent stasis, dig shafts and tunnels, four strong arms, antennae 3
a: Dig, Minor Destruction, Renounce Religion


You were in the Dungeon.
You worshipped Makhleb.
Makhleb was pleased with you.
You were not hungry.

You visited 1 branch


Innate Abilities, Weirdness & Mutations

You cannot be hasted, slowed, berserked, paralysed or teleported.
You can dig through walls and to a lower floor.
Your four strong arms can wield two-handed weapons with a shield.
You have a pair of large antennae on your head. (SInv)


   Skills:
 + Level 18.8 Fighting
 + Level 17.5 Axes
 + Level 17.5 Throwing
 + Level 18.8 Armour
 + Level 16.3 Dodging
 + Level 21.7 Stealth
 + Level 17.6 Spellcasting
   Level 2.6 Translocations


You had 50 spell levels left.
You didn't know any spells.

Inventory:

Hand Weapons
 a - a +0 hand axe
 l - the +∞ Axe of Woe (weapon)
Missiles
 e - 5 tomahawks of dispersal (quivered)
Armour
 b - a +0 leather armour (worn)
Scrolls
 d - 2 scrolls of blinking
Potions
 g - a potion of curing
 h - a potion of heal wounds
 i - a potion of haste
 j - 2 potions of magic
 k - a potion of berserk rage
Books
 c - a book of Spatial Translocations

   Spells                             Type                      Level
   a - Blink                          Translocation                2
   b - Shroud of Golubria             Charms/Translocation         2
   c - Lesser Beckoning               Translocation                3
   d - Gell's Gravitas                Translocation                3
   e - Teleport Other                 Translocation                3
   f - Passage of Golubria            Translocation                4
Comestibles
 f - a ration

Dungeon Overview and Level Annotations

Branches:
Dungeon (1/1)

Altars:
Makhleb

.▒▒▒.. ..▒▒▒.
......▒▒▒.......
......._........
... ▒.....▒ .o..
....▒_.<._▒.....
....▒.....▒.....
...O...o........
......▒.▒O......
.▒▒▒...Oa..▒▒▒.
▒..).oO.▒
▒.......▒o
.......o.o.....
....o.....o....
...Oo...o.....▒
..o.........▒▒..
.o▒o.......▒. ..
.O.........▒..


You could see 5 meat berserkers and 12 bags of meat.


Message History

You can now harness Makhleb's destructive might!
Your Fighting skill increases to level 18!!!
Your Axes skill increases to level 17!!!
Your Throwing skill increases to level 17!!!
Your Armour skill increases to level 18!!!
Your Dodging skill gained 2 levels and is now at level 16!!!
Your Stealth skill increases to level 21!!!
Your Spellcasting skill increases to level 17!!!
You have reached level 16!!!
You feel stronger!
You hear a shout!!! x7
The meat berserker appears out of thin air!!!
A meat berserker comes into view! It is wielding a +9 BATTLEAXE!
The meat berserker appears out of thin air!!!
A meat berserker comes into view! It is wielding a +9 BATTLEAXE!
You hear a shout!!! x4
The meat berserker rages!
You hear a shout!!! x3
A large bag of meat comes into view! It is wielding a +9 giant spiked club!
You regained 7 hp, and now have 87/145 hp!
You hear a shout!!! x2
The meat berserker rages!
You hear a shout!!! x2
The meat berserker hits you with a +9 BATTLEAXE!!!!!!!!!!!!
DANG * * * don't die
* * * The meat berserker hits you with a +9 BATTLEAXE! * * * don't die
* * * The meat berserker hits you with a +9 BATTLEAXE!!!!!!!!! rip

Action                   |  1- 3 |  4- 6 |  7- 9 | 10-12 | 13-15 | 16-18 || total
-------------------------+-------+-------+-------+-------+-------+-------++-------
Melee: Executioner's axe |     1 |       |       |     1 |     1 |       ||     3
 Abil: Dig               |     1 |       |       |       |       |       ||     1
Dodge: Dodged            |       |       |       |       |     1 |       ||     1

Vault maps used:
D:        meatsprint

Notes
Turn   | Place    | Note
-------+----------+-------------------------------------------
     0 | D        | Found the +∞ Axe of Woe
     0 | D        | Rottenbandages the Formicid Warper began the quest for the Orb.
     0 | D        | Reached XP level 1. HP: 16/16 MP: 3/3
     4 | D        | Became a worshipper of Makhleb the Destroyer
     5 | D        | Noticed a meat berserker
     5 | D        | Noticed a bag of meat
     5 | D        | Noticed a bag of meat
     6 | D        | Noticed a bag of meat
     6 | D        | Noticed a bag of meat
     6 | D        | Noticed a meat berserker
     7 | D        | Noticed a bag of meat
     7 | D        | Killed a bag of meat
     7 | D        | Reached skill level 12 in Fighting
     7 | D        | Reached skill level 11 in Axes
     7 | D        | Reached skill level 11 in Throwing
     7 | D        | Reached skill level 12 in Armour
     7 | D        | Reached skill level 10 in Dodging
     7 | D        | Reached skill level 14 in Stealth
     7 | D        | Reached skill level 11 in Spellcasting
     7 | D        | Reached XP level 2. HP: 39/39 MP: 3/14
     7 | D        | Reached XP level 3. HP: 45/45 MP: 3/16
     7 | D        | Reached XP level 4. HP: 52/52 MP: 3/17
     7 | D        | Reached XP level 5. HP: 58/58 MP: 3/19
     7 | D        | Reached XP level 6. HP: 65/65 MP: 3/20
     7 | D        | Reached XP level 7. HP: 71/71 MP: 3/22
     7 | D        | Reached XP level 8. HP: 78/78 MP: 3/23
     7 | D        | Reached XP level 9. HP: 83/83 MP: 3/24
     7 | D        | Reached XP level 10. HP: 90/90 MP: 3/25
     7 | D        | Reached XP level 11. HP: 96/96 MP: 3/26
     7 | D        | Reached XP level 12. HP: 103/103 MP: 3/27
     7 | D        | Noticed a bag of meat
     8 | D        | Noticed a bag of meat
     8 | D        | Noticed a bag of meat
     8 | D        | Noticed a bag of meat
     8 | D        | Killed a meat berserker
     8 | D        | Reached * piety under Makhleb
     8 | D        | Reached skill level 15 in Fighting
     8 | D        | Reached skill level 14 in Axes
     8 | D        | Reached skill level 14 in Throwing
     8 | D        | Reached skill level 15 in Armour
     8 | D        | Reached skill level 13 in Dodging
     8 | D        | Reached skill level 18 in Stealth
     8 | D        | Reached skill level 14 in Spellcasting
     8 | D        | Reached XP level 13. HP: 69/116 MP: 3/31
     8 | D        | Reached XP level 14. HP: 73/123 MP: 3/32
     8 | D        | Killed a bag of meat
     8 | D        | Reached skill level 16 in Fighting
     8 | D        | Reached skill level 15 in Axes
     8 | D        | Reached skill level 15 in Throwing
     8 | D        | Reached skill level 16 in Armour
     8 | D        | Reached skill level 14 in Dodging
     8 | D        | Reached skill level 19 in Stealth
     8 | D        | Reached skill level 15 in Spellcasting
     8 | D        | Reached XP level 15. HP: 78/132 MP: 3/34
     8 | D        | Reached skill level 17 in Fighting
     8 | D        | Reached skill level 16 in Axes
     8 | D        | Reached skill level 16 in Throwing
     8 | D        | Reached skill level 17 in Armour
     8 | D        | Reached skill level 20 in Stealth
     8 | D        | Reached skill level 16 in Spellcasting
     9 | D        | Noticed a meat berserker
     9 | D        | Noticed a meat berserker
     9 | D        | Noticed a meat berserker
    10 | D        | Killed a meat berserker
    10 | D        | Reached ** piety under Makhleb
    10 | D        | Reached skill level 18 in Fighting
    10 | D        | Reached skill level 17 in Axes
    10 | D        | Reached skill level 17 in Throwing
    10 | D        | Reached skill level 18 in Armour
    10 | D        | Reached skill level 16 in Dodging
    10 | D        | Reached skill level 21 in Stealth
    10 | D        | Reached skill level 17 in Spellcasting
    10 | D        | Reached XP level 16. HP: 87/145 MP: 3/37
    11 | D        | Noticed a meat berserker
    11 | D        | Noticed a meat berserker
    11 | D        | Noticed a large bag of meat
    11 | D        | HP: 9/145 [meat berserker/+9 battleaxe (79)]
    11 | D        | HP: 4/145 [meat berserker/+9 battleaxe (5)]
    11 | D        | Annihilated by a meat berserker

Vanquished Creatures
  2 ogres (D)
  3 orcs (D)
5 creatures vanquished.
